IL
SACRAMENTO RIVER CATS @ IOWA CUBS
08/28/2048
 
TOP OF THE 1ST
Sacramento River Cats batting - Pitching for Iowa Cubs : RHP Dustin Buckner
Pitching: RHP Dustin Buckner
Batting: LHB Mason Duffy 0-0: Ball
1-0: Called Strike
1-1: Foul Ball, location: 2F
1-2: Ball
2-2: Foul Ball, location: 2F
2-2: SINGLE (Groundball, 34D, EV 103.1 MPH) (infield hit)
Batting: RHB Brian Rogers 0-0: Ball
1-0: Called Strike
1-1: Called Strike
1-2: Foul Ball, location: 2F
1-2: Strikes out swinging
Batting: LHB Ryan Braden 0-0: Called Strike
0-1: Swinging Strike
0-2: DOUBLE (Flyball, 78D, EV 93.1 MPH)
Mason Duffy to third
Batting: LHB Willie Ceniceros 0-0: Foul Ball, location: 2F
0-1: Swinging Strike
0-2: SINGLE (Groundball, 6MD, EV 95.6 MPH)
Mason Duffy scores
Ryan Braden to third
Runner from 3rd tries for Home, throw by CF and OUT! 8-2
Batting: LHB Jared Paige 0-0: Fly out, F7 (Flyball, 7LD, EV 96.9 MPH)
Top of the 1st over - 1 run, 3 hits, 0 errors, 1 left on base; Sacramento 1 - Iowa 0
BOTTOM OF THE 1ST
Iowa Cubs batting - Pitching for Sacramento River Cats : LHP Chong-yeol Wong
Pitching: LHP Chong-yeol Wong
Batting: SHB Seung-ho Zhang 0-0: Called Strike
0-1: Called Strike
0-2: Fly out, F7 (Flyball, 7LSF, EV 98.8 MPH)
Batting: RHB Jon Aguilar 0-0: Called Strike
0-1: Ground out 1-3 (Groundball, P, EV 65.6 MPH)
Batting: RHB Ricardo Aguinaga 0-0: Ball
1-0: Called Strike
1-1: Ball
2-1: Called Strike
2-2: Fly out, F7 (Flyball, 7, EV 90.0 MPH)
Bottom of the 1st over - 0 runs, 0 hits, 0 errors, 0 left on base; Sacramento 1 - Iowa 0
TOP OF THE 2ND
Sacramento River Cats batting - Pitching for Iowa Cubs : RHP Dustin Buckner
Batting: RHB Tyler Mapes 0-0: Ball
1-0: Ball
2-0: Foul Ball, location: 2F
2-1: Ball
3-1: Ground out 6-3 (Groundball, 6, EV 87.5 MPH)
Batting: RHB Hugo Zacarias 0-0: Ball
1-0: Ball
2-0: Called Strike
2-1: Ball
3-1: Ground out 3-1 (Groundball, 34S, EV 69.4 MPH)
Batting: RHB Nick Wicker 0-0: Foul Ball, location: 2F
0-1: Called Strike
0-2: Ground out 6-3 (Groundball, 6MD, EV 80.0 MPH)
Top of the 2nd over - 0 runs, 0 hits, 0 errors, 0 left on base; Sacramento 1 - Iowa 0
BOTTOM OF THE 2ND
Iowa Cubs batting - Pitching for Sacramento River Cats : LHP Chong-yeol Wong
Batting: SHB Gabriel Cruz 0-0: Fly out, F8 (Flyball, 8LM, EV 90.6 MPH)
Batting: RHB Adam O'Hare 0-0: Foul Ball, location: 2F
0-1: Ball
1-1: Swinging Strike
1-2: Ball
2-2: Ground out 6-3 (Groundball, 6, EV 85.6 MPH)
Batting: RHB Brian Gargis 0-0: SINGLE (Line Drive, 34, EV 98.1 MPH)
Batting: RHB Pat Barton 0-0: Foul Ball, location: 2F
0-1: Called Strike
0-2: Ball
1-2: Strikes out swinging
Bottom of the 2nd over - 0 runs, 1 hit, 0 errors, 1 left on base; Sacramento 1 - Iowa 0
TOP OF THE 3RD
Sacramento River Cats batting - Pitching for Iowa Cubs : RHP Dustin Buckner
Batting: RHB Bob Schweiger 0-0: Foul Ball, location: 2F
0-1: Ball
1-1: Ball
2-1: Ball
3-1: Foul Ball, location: 2F
3-2: Base on Balls
Batting: LHB Mason Duffy 0-0: Foul Ball, location: 2F
0-1: Ball
1-1: Swinging Strike
1-2: Ball
2-2: Strikes out swinging
Batting: RHB Brian Rogers 0-0: Called Strike
0-1: Ball
1-1: Ball
2-1: Called Strike
2-2: Ball
3-2: Grounds into double play, 5-4-3 (Groundball, 56S, EV 87.5 MPH)
Top of the 3rd over - 0 runs, 0 hits, 0 errors, 0 left on base; Sacramento 1 - Iowa 0
BOTTOM OF THE 3RD
Iowa Cubs batting - Pitching for Sacramento River Cats : LHP Chong-yeol Wong
Batting: RHB Rich Thurman 0-0: Foul Ball, location: 2F
0-1: Foul Ball, location: 2F
0-2: Ball
1-2: Fly out, F8 (Flyball, 8LD, EV 100.0 MPH)
Batting: RHB Tony Mendez 0-0: Ball
1-0: Ball
2-0: Ball
3-0: Base on Balls
Batting: SHB Seung-ho Zhang 0-0: Ball
Tony Mendez steals 2nd base
1-0: Ball
2-0: Ball
3-0: Base on Balls
Batting: RHB Jon Aguilar 0-0: Ball
1-0: DOUBLE (Groundball, 5L, EV 98.8 MPH)
Tony Mendez scores
Seung-ho Zhang to third
Batting: RHB Ricardo Aguinaga 0-0: Called Strike
0-1: Ground out 4-3 (Groundball, 4, EV 84.4 MPH)
Seung-ho Zhang scores
Jon Aguilar to third
Batting: SHB Gabriel Cruz 0-0: Called Strike
0-1: Ball
1-1: Ball
2-1: Ball
3-1: Foul Ball, location: 2F
3-2: Fly out, F8 (Flyball, 8LD, EV 101.2 MPH)
Bottom of the 3rd over - 2 runs, 1 hit, 0 errors, 1 left on base; Sacramento 1 - Iowa 2
TOP OF THE 4TH
Sacramento River Cats batting - Pitching for Iowa Cubs : RHP Dustin Buckner
Batting: LHB Ryan Braden 0-0: Ground out 4-3 (Groundball, 4, EV 99.4 MPH)
Batting: LHB Willie Ceniceros 0-0: Ball
1-0: SINGLE (Line Drive, 6MD, EV 95.0 MPH)
Batting: LHB Jared Paige 0-0: Fly out, F9 (Flyball, 9S, EV 90.6 MPH)
Batting: RHB Tyler Mapes 0-0: Ball
1-0: Fielders Choice at 2nd, 6-4 (Groundball, 56, EV 81.9 MPH)
Top of the 4th over - 0 runs, 1 hit, 0 errors, 1 left on base; Sacramento 1 - Iowa 2
BOTTOM OF THE 4TH
Iowa Cubs batting - Pitching for Sacramento River Cats : LHP Chong-yeol Wong
Batting: RHB Adam O'Hare 0-0: Hit by Pitch
Batting: RHB Brian Gargis 0-0: Ball
1-0: Ball
2-0: Ball
3-0: Base on Balls
Adam O'Hare to second
Batting: RHB Pat Barton 0-0: Ball
1-0: Called Strike
1-1: Foul Ball, location: 2F
1-2: Strikes out swinging
Batting: RHB Rich Thurman 0-0: Ball
1-0: Fielders Choice at 2nd, 1-4 (Groundball, 15S, EV 65.0 MPH)
Adam O'Hare to third
Batting: RHB Tony Mendez 0-0: Ball
1-0: Foul Ball, location: 2F
1-1: Swinging Strike
1-2: Foul Ball, location: 2F
1-2: SINGLE (Line Drive, 4M, EV 99.4 MPH)
Adam O'Hare scores
Rich Thurman to second
Batting: SHB Seung-ho Zhang 0-0: Ball
1-0: Foul Ball, location: 2F
1-1: Fielders Choice at 2nd, 5-4 (Groundball, 5L, EV 108.8 MPH)
Bottom of the 4th over - 1 run, 1 hit, 0 errors, 2 left on base; Sacramento 1 - Iowa 3
TOP OF THE 5TH
Sacramento River Cats batting - Pitching for Iowa Cubs : RHP Dustin Buckner
Batting: RHB Hugo Zacarias 0-0: Foul Ball, location: 2F
0-1: Called Strike
0-2: Ground out 5-3 (Groundball, 56, EV 106.2 MPH)
Batting: RHB Nick Wicker 0-0: Ball
1-0: Ball
2-0: SINGLE (Groundball, 56D, EV 98.8 MPH) (infield hit)
Batting: RHB Bob Schweiger 0-0: Foul Ball, location: 2F
0-1: Ball
1-1: Called Strike
1-2: Fly out, F8 (Flyball, 8LM, EV 90.0 MPH)
Batting: LHB Mason Duffy 0-0: Foul Ball, location: 2F
0-1: Ball
1-1: Ball
2-1: Called Strike
2-2: SINGLE (Groundball, 4S, EV 61.2 MPH) (infield hit)
Nick Wicker to second
Pitching: RHP Arnaldo Cardamenho
Batting: RHB Brian Rogers 0-0: Ball
1-0: Ball
2-0: Called Strike
2-1: Ball
3-1: Foul Ball, location: 2F
3-2: Fly out, F9 (Line Drive, 9D, EV 107.5 MPH)
Top of the 5th over - 0 runs, 2 hits, 0 errors, 2 left on base; Sacramento 1 - Iowa 3
BOTTOM OF THE 5TH
Iowa Cubs batting - Pitching for Sacramento River Cats : LHP Chong-yeol Wong
Batting: RHB Jon Aguilar 0-0: Called Strike
0-1: Ball
1-1: Ball
2-1: Called Strike
2-2: Foul Ball, location: 2F
2-2: SINGLE (Line Drive, 4MD, EV 96.9 MPH)
Batting: RHB Ricardo Aguinaga 0-0: Ball
1-0: Called Strike
1-1: Ball
2-1: Fielders Choice at 2nd, 6-4 (Groundball, 6, EV 103.1 MPH)
Batting: SHB Gabriel Cruz 0-0: Called Strike
0-1: Called Strike
0-2: Strikes out swinging
Batting: RHB Adam O'Hare 0-0: Ball
1-0: Called Strike
1-1: Swinging Strike
1-2: SINGLE (Line Drive, 9LS, EV 102.5 MPH)
Ricardo Aguinaga to second
Batting: RHB Brian Gargis 0-0: Ball
1-0: Fly out, F9 (Line Drive, 9LS, EV 95.6 MPH)
Bottom of the 5th over - 0 runs, 2 hits, 0 errors, 2 left on base; Sacramento 1 - Iowa 3
TOP OF THE 6TH
Sacramento River Cats batting - Pitching for Iowa Cubs : RHP Arnaldo Cardamenho
Batting: LHB Ryan Braden 0-0: Swinging Strike
0-1: Ball
1-1: Ball
2-1: Swinging Strike
2-2: Strikes out swinging
Batting: LHB Willie Ceniceros 0-0: Ball
1-0: Ball
2-0: Called Strike
2-1: Ball
3-1: Base on Balls
Batting: LHB Jared Paige 0-0: Called Strike
0-1: Ball
1-1: Ball
2-1: Foul Ball, location: 2F
2-2: Foul Ball, location: 2F
2-2: Foul Ball, location: 2F
2-2: Strikes out looking
Batting: RHB Tyler Mapes 0-0: Ground out 4-3 (Groundball, 4, EV 108.1 MPH)
Top of the 6th over - 0 runs, 0 hits, 0 errors, 1 left on base; Sacramento 1 - Iowa 3
BOTTOM OF THE 6TH
Iowa Cubs batting - Pitching for Sacramento River Cats : LHP Chong-yeol Wong
Batting: RHB Pat Barton 0-0: Ball
1-0: Ball
2-0: Swinging Strike
2-1: Ball
3-1: Base on Balls
Batting: RHB Rich Thurman 0-0: Called Strike
0-1: DOUBLE (Groundball, 5L, EV 96.9 MPH)
Pat Barton to third
Runner from 3rd tries for Home, SAFE, no throw by LF
Batting: RHB Tony Mendez 0-0: Ball
1-0: Foul Ball, location: 2F
1-1: Called Strike
1-2: Ball
Wild Pitch!
Rich Thurman to third
2-2: Ball
3-2: Base on Balls
Batting: SHB Seung-ho Zhang 0-0: Swinging Strike
0-1: Swinging Strike
0-2: Ball
1-2: Strikes out swinging
Batting: RHB Jon Aguilar 0-0: Ball
1-0: Called Strike
1-1: Called Strike
1-2: Ball
2-2: Ground out 5-3 (Groundball, 5, EV 100.6 MPH)
Tony Mendez to second
Batting: RHB Ricardo Aguinaga 0-0: Called Strike
0-1: Ground out 5-3 (Groundball, 5, EV 102.5 MPH)
Bottom of the 6th over - 1 run, 1 hit, 0 errors, 2 left on base; Sacramento 1 - Iowa 4
TOP OF THE 7TH
Sacramento River Cats batting - Pitching for Iowa Cubs : RHP Arnaldo Cardamenho
Pitching: LHP Bill Esten
Batting: RHB Hugo Zacarias 0-0: Ball
1-0: Swinging Strike
1-1: Ball
2-1: Foul Ball, location: 2F
2-2: SINGLE (Groundball, 6D, EV 103.1 MPH)
Batting: RHB Nick Wicker 0-0: Foul Ball, location: 2F
0-1: Foul Ball, location: 2F
0-2: Grounds into double play, 5-4-3 (Groundball, 25, EV 83.8 MPH)
Batting: RHB Bob Schweiger 0-0: Called Strike
0-1: Called Strike
0-2: Ball
1-2: Ball
2-2: Ball
3-2: Fly out, F6 (Line Drive, 6M, EV 70.0 MPH)
Top of the 7th over - 0 runs, 1 hit, 0 errors, 0 left on base; Sacramento 1 - Iowa 4
BOTTOM OF THE 7TH
Iowa Cubs batting - Pitching for Sacramento River Cats : LHP Chong-yeol Wong
Batting: SHB Gabriel Cruz 0-0: Ball
1-0: Fly out, F9 (Line Drive, 9LM, EV 99.4 MPH)
Batting: RHB Adam O'Hare 0-0: Ball
1-0: Ball
2-0: Called Strike
2-1: Swinging Strike
2-2: Ball
3-2: Strikes out looking
Batting: RHB Brian Gargis 0-0: Ball
1-0: Swinging Strike
1-1: Called Strike
1-2: Strikes out swinging
Bottom of the 7th over - 0 runs, 0 hits, 0 errors, 0 left on base; Sacramento 1 - Iowa 4
TOP OF THE 8TH
Sacramento River Cats batting - Pitching for Iowa Cubs : LHP Bill Esten
Pitching: LHP Jose Urena
Batting: LHB Mason Duffy 0-0: Ball
1-0: Foul Ball, location: 2F
1-1: Ball
2-1: Ball
3-1: Called Strike
3-2: Strikes out looking
Batting: RHB Brian Rogers 0-0: Ball
1-0: DOUBLE (Flyball, 8RXD, EV 101.9 MPH)
Batting: LHB Ryan Braden 0-0: Called Strike
0-1: Ball
1-1: Foul Ball, location: 2F
1-2: Ball
2-2: Strikes out looking
Pinch Hitting: RHB Doug Kennie 0-0: Called Strike
0-1: Called Strike
0-2: Strikes out swinging
Top of the 8th over - 0 runs, 1 hit, 0 errors, 1 left on base; Sacramento 1 - Iowa 4
BOTTOM OF THE 8TH
Iowa Cubs batting - Pitching for Sacramento River Cats : LHP Chong-yeol Wong
Now at 2B: Matt Shepard
Batting: RHB Pat Barton 0-0: Called Strike
0-1: Ball
1-1: Foul Ball, location: 2F
1-2: Ball
2-2: Foul Ball, location: 2F
2-2: Foul Ball, location: 2F
2-2: Strikes out swinging
Pitching: RHP Jim Sprayberry
Batting: RHB Rich Thurman 0-0: Ball
1-0: Swinging Strike
1-1: Called Strike
1-2: Foul Ball, location: 2F
1-2: Strikes out swinging
Batting: RHB Tony Mendez 0-0: Ball
1-0: Ball
2-0: Called Strike
2-1: Ball
3-1: Fly out, F3 (Popup, 3SF, EV 80.6 MPH)
Bottom of the 8th over - 0 runs, 0 hits, 0 errors, 0 left on base; Sacramento 1 - Iowa 4
TOP OF THE 9TH
Sacramento River Cats batting - Pitching for Iowa Cubs : LHP Jose Urena
Pitching: RHP Josh Ready
Batting: LHB Jared Paige 0-0: Called Strike
0-1: Foul Ball, location: 2F
0-2: Foul Ball, location: 2F
0-2: Fly out, F8 (Line Drive, 8RM, EV 91.9 MPH)
Batting: RHB Tyler Mapes 0-0: Called Strike
0-1: Ground out 5-3 (Groundball, 5, EV 81.9 MPH)
Batting: RHB Hugo Zacarias 0-0: Called Strike
0-1: Ball
1-1: SINGLE (Groundball, 34D, EV 105.0 MPH)
Batting: RHB Nick Wicker 0-0: Called Strike
0-1: Ball
1-1: Called Strike
1-2: Foul Ball, location: 2F
1-2: Strikes out swinging
Top of the 9th over - 0 runs, 1 hit, 0 errors, 1 left on base; Sacramento 1 - Iowa 4
Tuesday, March 28th , 2023 - OOTP Baseball 23.10 Build 110